 Dungeon Crawl Stone Soup version 0.31.0-32-g396128a36d (webtiles) character file.

Game seed: 2910174180187156122

175 Alphaeus the Ruffian (level 5, -1/34 HPs)
             Began as an Octopode Shapeshifter on Mar 19, 2024.
             Killed from afar by wingedge's ghost (12 damage)
             ... with a blast of sand
             ... on level 3 of the Dungeon.
             The game lasted 00:01:58 (2603 turns).

Alphaeus the Ruffian (Octopode Shapeshifter)        Turns: 2603, Time: 00:01:58

Health: -1/34      AC:  1    Str: 17    XL:     5   Next: 55%
Magic:  5/5        EV: 13    Int: 12    God:
Gold:   164        SH:  6    Dex: 17    Spells: 4/4 levels left

rFire   . .          .
                       - Unarmed
rCold   . . .        j - +2 buckler "Moalag" {rF- Str+2 Dex+5 SInv}
rNeg    . . .        (helmet currently unavailable)
rPois   +            (no amulet)
rElec   .            h - ring of poison resistance
rCorr   +            d - ring of resist corrosion
SInv    +            e - ring of protection from fire
Will    .....        (no ring)
Stlth   +++          (no ring)
HPRegen 0.25/turn    (no ring)
MPRegen 0.09/turn    (no ring)
                     (no ring)

%: no passive effects
@: beast-form
A: beast (slay +2), almost no armour, amphibious, 8 rings, camouflage 1,
gelatinous body 1, (nimble swimmer 1), tentacles
a: Begin Untransformation


You were on level 3 of the Dungeon.
You were a hulking beast.
You visited 1 branch of the dungeon, and saw 3 of its levels.

You collected 164 gold pieces.

Inventory:

Armour
 j - the +2 buckler "Moalag" (worn) {rF- Str+2 Dex+5 SInv}
   (You found it on level 2 of the Dungeon)

   Str+2:     It affects your strength (+2).
   Dex+5:     It affects your dexterity (+5).
   rF-:       It makes you vulnerable to fire.
   SInv:      It lets you see invisible.
Jewellery
 d - a ring of resist corrosion (right tentacle)
 e - a ring of protection from fire (on tentacle)
 h - a ring of poison resistance (left tentacle)
 n - a ring of ice
 s - a +6 ring of intelligence
 u - a +6 ring of dexterity
Talismans
 b - a beast talisman
 c - a flux talisman
Scrolls
 f - 2 scrolls of identify {unknown}
 g - 4 scrolls of enchant weapon {unknown}
 k - a scroll of fog {unknown}
 l - a scroll of blinking {unknown}
 m - a scroll of enchant armour {unknown}
 q - a scroll of teleportation {unknown}
 w - a scroll of revelation {unknown}
Potions
 a - 2 potions of lignification
 i - a potion of attraction {unknown}
 o - a potion of enlightenment {unknown}
 p - a potion of degeneration {unknown}
 r - a potion of magic {unknown}
 t - a potion of might {unknown}
 v - a potion of mutation {unknown}


   Skills:
 + Level 2.1 Fighting
 + Level 2.8 Dodging
 * Level 4.2 Unarmed Combat
 * Level 4.1 Shapeshifting


You had 4 spell levels left.
You didn't know any spells.
Your spell library contained the following spells:

 Spells                   Type           Power      Damage    Failure   Level
 Lesser Beckoning         Tloc           0%         N/A       54%         2
 Gell's Gravitas          Tloc           0%         N/A       78%         3
 Teleport Other           Tloc           0%         N/A       78%         3


Dungeon Overview and Level Annotations

Branches:
Dungeon (3/15)

Altars:
Elyvilon
Xom

Annotations:
D:1 1 transporter
D:3 wingedge's ghost, weakling DgEE


Innate Abilities, Weirdness & Mutations

You are a hulking beast.
Your limbs bulge with bestial killing power. (Slay +2)
You cannot wear most types of armour.
You are amphibious.
You can wear up to eight rings at the same time.
Your skin changes colour to match your surroundings (Stealth+).
Your rubbery body absorbs attacks. (AC +1, EV +1)
((You are camouflaged when in or above water. (Stealth+)))
You have tentacles for arms and can constrict up to eight enemies at once.


Message History

You block the jackal's attack.
You closely miss the jackal. You grab the jackal.
You constrict the jackal, but do no damage.
You block the jackal's attack. The jackal misses you.
You barely miss the jackal. You squeeze the jackal.
The jackal is severely wounded.
You constrict the jackal. You block the jackal's attack.
You tentacle-slap the jackal but do no damage.
You squeeze the jackal.
You kill the jackal!
No target in view!
No target in view!
No target in view!
You see here a jackal corpse.
Found a stone staircase leading down.
You see here a jackal corpse.
You see here a jackal corpse.
There is an open door here.
There is an open door here.
No reachable target in view!
No reachable target in view!
No reachable target in view!
Could not explore, unopened runed door.
Could not explore, unopened runed door.
You open the door.
Wingedge's ghost points at you and mumbles some strange words.
The blast of sand hits you! Wingedge's ghost closely misses you.
There is an open translucent door here.
You tentacle-slap wingedge's ghost.
Wingedge's ghost is lightly damaged.
Wingedge's ghost hits you. Space warps horribly around you!
* * * LOW HITPOINT WARNING * * *
You closely miss wingedge's ghost.
Wingedge's ghost is lightly damaged.
Wingedge's ghost hits you but does no damage.
You blink.
Wingedge's ghost casts a spell at you. The blast of sand hits you!
You die...

##+## #.# #.# #.# #.# #.# #.#
#.###.###.#### ##.#
##.####............# ##.##
#...†...........##.# #...#######
#........##..##.##.#
..........###...###...#......#.##
#...#.....##...##⌠##...#.##......
..............##...##..........##
##..#........##.h?..##..###.####
##..#.....#..#⌠..♣.W.'......#
##..#.....#..##..!..##..#####
##........#...##...##...# #
##......####...##⌠##....###### #
#.####.# ##...###..........# #
#.# #.# ##.......#.#####.# #
##.####.######......##.#####.####
.....##.##.)....######.##........


You could see wingedge's ghost.

Vanquished Creatures
  A centaur (D:3)
  3 adders (D:2)
  2 ribbon worms (D:2)
  3 dart slugs
  2 orcs (D:3)
  4 endoplasms
  2 giant cockroaches (D:1)
  6 goblins
  5 hobgoblins
  2 jackals (D:3)
  2 quokkas
  4 ball pythons
  6 bats
  5 frilled lizards
  5 kobolds
  7 rats
59 creatures vanquished.

Notes
Turn   | Place    | Note
-------+----------+-------------------------------------------
     0 | D:1      | Alphaeus the Octopode Shapeshifter began the quest for the
                  | Orb.
     0 | D:1      | Reached XP level 1. HP: 13/13 MP: 1/1
   191 | D:1      | Reached XP level 2. HP: 18/18 MP: 2/2
   545 | D:1      | Reached XP level 3. HP: 23/23 MP: 3/3
  1021 | D:2      | Reached XP level 4. HP: 22/28 MP: 4/4
  1025 | D:2      | Identified the +2 buckler "Moalag" {rF- Str+2 Dex+5 SInv}
  1634 | D:3      | Found a shimmering altar of Xom.
  1636 | D:3      | Found a shimmering altar of Xom.
  1637 | D:3      | Found a shimmering altar of Xom.
  1664 | D:3      | Found a white marble altar of Elyvilon.
  1683 | D:3      | Noticed wingedge's ghost (weakling DgEE)
  1684 | D:3      | Found a runed translucent door.
  1739 | D:3      | Noticed a centaur
  1747 | D:3      | Killed a centaur
  1748 | D:3      | Reached XP level 5. HP: 17/34 MP: 5/5
  2603 | D:3      | Killed from afar by wingedge's ghost

Illustrated notes

Levels and vault maps discovered:
D:1:      spicycebolla_arrival_risky_transporter, layout_basic, corner_web_ring,
          minmay_3d_cube
D:2:      layout_rooms, kennysheep_crisscross, kennysheep_cluttered_room
D:3:      layout_loops_corners, xom_redecorated, nicolae_overflow_hidden_temple,
          hellmonk_ghost_happy_afterlife

Skill      XL: |  1  2  3  4 |
---------------+-------------+-----
Fighting       | 2 |  2.1
Unarmed Combat | 4 |  4.2
Shapeshifting  | 4 |  4.1
Dodging        | |  2.8

Action                     |  1- 3 |  4- 6 || total
---------------------------+-------+-------++-------
  Melee: Unarmed           |    76 |    45 ||   121
         Constrict         |    18 |     9 ||    27
         Tentacles         |    10 |     7 ||    17
         Punch             |     3 |     3 ||     6
   Stab: Sleeping          |     8 |     8 ||    16
 Armour: Skin              |    26 |    23 ||    49
  Dodge: Dodged            |    41 |    18 ||    59
  Block: Buckler           |       |    10 ||    10
